 Dungeon Crawl Stone Soup version 0.30-a0-591-g3c58d2bc28 (webtiles) character file.

Game seed: 10027817983200838039

6973 Dirtsage the Transmogrifier (level 11, -3/84 HPs)
             Began as an Octopode Transmuter on Jan 5, 2023.
             Was a Follower of the Shining One.
             Slain by an orc knight
             ... wielding a +0 halberd
              (20 damage)
             ... in a bailey.
             The game lasted 00:37:49 (9465 turns).

Dirtsage the Transmogrifier (Octopode Transmuter)   Turns: 9465, Time: 00:37:49

Health: -3/84      AC:  8    Str: 14    XL:     11   Next: 8%
Magic:  11/15      EV: 16    Int: 19    God:    the Shining One [*.....]
Gold:   795        SH:  0    Dex: 17    Spells: 2/15 levels left

rFire   x . .      SeeInvis .      - Unarmed
rCold   + + +      Faith    .    (shield currently unavailable)
rNeg    + . .      Spirit   .    (helmet currently unavailable)
rPois   +          Reflect  .    (no amulet)
rElec   .          Harm     .    e - +5 ring of evasion
rCorr   .          Rampage  .    m - ring of willpower
Will    +....                    N - ring of positive energy
Stlth   +                        z - +6 ring of strength
HPRegen 1.14/turn                (no ring)
MPRegen 0.14/turn                (no ring)
                                 (no ring)
                                 (no ring)

@: ice-form, glowing
A: freezing attack, boosted hp, almost no armour, amphibious, 8 rings, large,
(camouflage 1), (gelatinous body 1), (nimble swimmer 1), (tentacles), agile 1,
regeneration 1, MP-powered wands
a: End Transformation, Renounce Religion, Divine Shield


You were in a bailey.
You worshipped the Shining One.
The Shining One was aware of your devotion.
You were a creature of crystalline ice.
You visited 2 branches of the dungeon, and saw 10 of its levels.
You also visited: Sewer and Bailey.

You collected 1419 gold pieces.
You spent 624 gold pieces at shops.

Inventory:

Magical Staves
 v - a staff of fire
 E - a staff of earth
Jewellery
 e - a +5 ring of evasion (left front paw)
 j - the ring of Xoekhuc {Fly rPois Will+++ Int-3 Slay-4}
   (You acquired it on level 6 of the Dungeon)

   [ring of flight]

   Int:       It affects your intelligence (-3).
   Slay:      It affects your accuracy & damage with ranged weapons and melee
   (-4).
   rPois:     It protects you from poison.
   Fly:       It grants you flight.
   Will:      It greatly increases your willpower.
 m - a ring of willpower (right front paw)
 z - a +6 ring of strength (on tentacle)
 N - a ring of positive energy (on tentacle)
Wands
 p - a wand of quicksilver (7)
 x - a wand of polymorph (8)
 C - a wand of mindburst (6)
 D - a wand of flame (6)
 H - a wand of charming (4)
Scrolls
 b - 3 scrolls of enchant armour {unknown}
 c - 2 scrolls of immolation {unknown}
 i - a scroll of identify
 o - 2 scrolls of magic mapping {unknown}
 r - 2 scrolls of silence {unknown}
 s - 2 scrolls of vulnerability {unknown}
 t - 8 scrolls of teleportation
 u - 2 scrolls of summoning {unknown}
 y - 2 scrolls of enchant weapon {unknown}
 B - 2 scrolls of blinking
 G - a scroll of noise {unknown}
Potions
 a - 4 potions of mutation
 d - 6 potions of might
 f - 2 potions of cancellation
 g - 2 potions of berserk rage
 h - a potion of haste
 k - 2 potions of brilliance
 l - 3 potions of heal wounds
 n - 4 potions of resistance
 q - 4 potions of curing
 w - 3 potions of magic
 A - 3 potions of attraction {unknown}
 F - a potion of flight {unknown}


   Skills:
 + Level 4.7 Fighting
 + Level 3.9 Dodging
 * Level 7.4 Unarmed Combat
 + Level 2.7 Spellcasting
 * Level 9.0 Transmutations
 - Level 7.2 Ice Magic
 * Level 6.5 Earth Magic
 + Level 4.2 Invocations
 + Level 2.0 Evocations


You had 2 spell levels left.
You knew the following spells:

 Your Spells              Type           Power      Damage    Failure   Level
a - Ice Form              Ice/Tmut       33%        N/A       5%          4
b - Wereblood             Tmut           36%        N/A       1%          2
c - Beastly Appendage     Tmut           72%        N/A       1%          1
d - Statue Form           Tmut/Erth      21%        N/A       69%         6

Your spell library contained the following spells:

 Spells                   Type           Power      Damage    Failure   Level
 Apportation              Tloc           4%         N/A       16%         1
 Necrotise                Necr           8%         1d4       16%         1
 Summon Small Mammal      Summ           8%         N/A       16%         1
 Blink                    Tloc           4%         N/A       24%         2
 Momentum Strike          Conj/Tloc      4%         3d8       24%         2
 Spider Form              Tmut/Pois      19%        N/A       8%          3
 Stone Arrow              Conj/Erth      28%        3d8       12%         3
 Lesser Beckoning         Tloc           4%         N/A       43%         3
 Borgnjor's Vile Clutch   Necr/Erth      7%         N/A       75%         5
 Lehudib's Crystal Spear  Conj/Erth      7%         10d3      100%        8


Dungeon Overview and Level Annotations

Branches:
Dungeon (9/15)             Temple (1/1) D:6           Sewer (visited)
 Bailey (1/1)
   Lair: D:8-11         Orc: D:9-12

Altars:
Ashenzari
Dithmenos
Elyvilon
Fedhas
Makhleb
Nemelex Xobeh
Okawaru
Qazlal
Trog
Uskayaw
Vehumet
Wu Jian
Xom
Yredelemnul
Zin
The Shining One

Shops:
D:3 (   D:4 *

Annotations:
D:8 2 transporters Bailey 2 runed translucent doors


Innate Abilities, Weirdness & Mutations

You are a creature of crystalline ice.
You have a powerful freezing melee attack.
Your maximum health is increased.
Your armour is entirely melded.
You are incapable of wielding weapons or throwing items.
You cannot wear most types of armour.
You are amphibious.
You can wear up to eight rings at the same time.
((Your skin changes colour to match your surroundings (Stealth+).))
((Your rubbery body absorbs attacks. (AC +1, EV +1)))
((You are camouflaged when in or above water. (Stealth+)))
((You have tentacles for arms and can constrict up to eight enemies at once.))
You are agile. (Dex +4, Str/Int -1)
Your natural rate of healing is unusually fast.
You expend magic power (3 MP) to strengthen your wands.


Message History

You regained 2 hp, and now have 47/84 hp.
You regained 2 hp, and now have 55/84 hp.
Your transformation is almost over.
You regained 2 hp, and now have 63/84 hp.
You warm up again.
You now have 55/70 hp.
You regained 2 hp, and now have 61/70 hp.
Casting: Ice Form (dangerous; 5% risk of failure)
Confirm with . or Enter, or press ? or * to list all spells.
You turn into a creature of crystalline ice.
You regained 15 hp, and now have 81/84 hp.
You now have 10/15 mp.
The orc knight hits you from afar with a +0 halberd!!
You take 21 damage, and have 60/84 hp.
MASSIVE DAMAGE!!
The orc knight hits you with a +0 halberd!
You take 12 damage, and have 48/84 hp.
You completely miss the orc knight.
The orc knight is moderately wounded.
The orc knight barely misses you.
You punch the orc knight! You freeze the orc knight.
The orc knight is heavily wounded.
The orc knight misses you.
You hit the orc knight. You freeze the orc knight.
The orc knight is heavily wounded.
The orc knight hits you with a +0 halberd!!
You take 19 damage, and have 31/84 hp.
MASSIVE DAMAGE!!
You punch the orc knight! You freeze the orc knight.
The orc knight is severely wounded.
You hit the orc knight but do no damage.
The orc knight is severely wounded.
The orc knight barely misses you.
You barely miss the orc knight.
The orc knight is severely wounded.
The orc knight hits you with a +0 halberd!
You take 6 damage, and have 27/84 hp.
The orc knight attacks as you move away!
The orc knight hits you with a +0 halberd!
* * * LOW HITPOINT WARNING * * *
The orc knight hits you from afar with a +0 halberd!!
You die...

♣.........######)..#.8#
..##8.
♣♣......♣.)≈≈≈≈))..#..######
♣♣♣...♣♣..≈≈≈≈...##........
###.....≈≈≈≈...#.........
####..≈≈≈≈≈..#..#######
#...≈≈≈≈))#### #♣..≈≈≈≈≈o.♣
♣♣.)≈≈≈≈≈.♣ ♣♣♣♣≈Y≈≈≈♣
♣≈≈≈≈≈♣ #######


You could see an orc knight.

Vanquished Creatures
  2 two-headed ogres
  2 hornets
  Sigmund (D:6)
  2 wyverns (D:8)
  6 yaks (D:8)
  2 steam dragons
  Menkaure (D:6)
  Edmund (D:6)
  11 orc warriors
  A black bear (D:7)
  3 ice beasts
  2 ogres
  2 centaurs
  A kobold brigand (D:4)
  6 bullfrogs
  2 necrophages
  2 scorpions
  4 killer bees (D:7)
  A howler monkey (D:7)
  6 hounds
  Ijyb (D:5)
  2 gnoll boudas
  2 jellies
  3 orc priests
  5 iguanas
  2 orc wizards
  9 gnolls
  9 adders
  6 river rats
  A white imp (D:5)
  A worm (D:4)
  5 dart slugs
  45 orcs
  2 bats (D:2)
  5 endoplasms
  2 giant cockroaches
  4 goblins (D:9)
  4 hobgoblins
  4 jackals (D:1)
  4 kobolds
  6 quokkas
  14 ball pythons
  6 frilled lizards
  31 rats
231 creatures vanquished.

Vanquished Creatures (others)
  An orc wizard (D:9)
1 creature vanquished.

Grand Total: 232 creatures vanquished

Notes
Turn   | Place    | Note
-------+----------+-------------------------------------------
     0 | D:1      | Dirtsage the Octopode Transmuter began the quest for the
                  | Orb.
     0 | D:1      | Reached XP level 1. HP: 13/13 MP: 3/3
   135 | D:1      | Reached skill level 1 in Ice Magic
   135 | D:1      | Reached XP level 2. HP: 13/18 MP: 5/5
   192 | D:1      | Learned a level 2 spell: Wereblood
   403 | D:1      | Found a faded altar of an unknown god.
   742 | D:2      | Reached XP level 3. HP: 21/23 MP: 6/6
  1030 | D:3      | Found Heptiv's Antique Weapon Shoppe.
  1129 | D:3      | Found a blossoming altar of Fedhas.
  1232 | D:3      | Reached skill level 3 in Transmutations
  1232 | D:3      | Reached XP level 4. HP: 17/28 MP: 5/7
  1503 | D:3      | Reached XP level 5. HP: 25/33 MP: 5/8
  1518 | D:3      | Found a glowing drain.
  1565 | Sewer    | Entered a sewer
  1632 | Sewer    | Reached skill level 4 in Transmutations
  1763 | Sewer    | Learned a level 4 spell: Ice Form
  1900 | Sewer    | Reached XP level 6. HP: 38/38 MP: 5/9
  1958 | Sewer    | Reached skill level 5 in Transmutations
  2602 | D:4      | Reached XP level 7. HP: 40/43 MP: 2/10
  2828 | D:4      | Reached skill level 5 in Ice Magic
  3059 | D:4      | Reached skill level 6 in Transmutations
  3121 | D:4      | Found Posil's Elemental Accessories.
  3589 | D:5      | Entered Level 5 of the Dungeon
  3742 | D:5      | Reached XP level 8. HP: 48/48 MP: 6/11
  4484 | D:5      | Noticed Ijyb
  4497 | D:5      | Killed Ijyb
  4500 | D:5      | Identified a scroll of acquirement
  4501 | D:5      | Acquired 822 gold pieces
  4591 | D:4      | Bought the Annotations on Topomancy for 624 gold pieces
  4827 | D:6      | Found a staircase to the Ecumenical Temple.
  4829 | D:6      | Gained mutation: You expend magic power (3 MP) to
                  | strengthen your wands. [potion of mutation]
  4829 | D:6      | Gained mutation: You are agile. (Dex +4, Str/Int -1)
                  | [potion of mutation]
  4829 | D:6      | Gained mutation: Your natural rate of healing is unusually
                  | fast. [potion of mutation]
  4855 | D:6      | Reached skill level 7 in Transmutations
  4875 | Temple   | Entered the Ecumenical Temple
  4920 | Temple   | Became a worshipper of the Shining One
  4970 | D:6      | Noticed Sigmund
  5008 | D:6      | Killed Sigmund
  5009 | D:6      | Reached skill level 1 in Earth Magic
  5240 | D:6      | Acquired the ring of Xoekhuc {Fly rPois Will+++ Int-3
                  | Slay-4}
  5256 | D:6      | Noticed Edmund
  5259 | D:6      | Killed Edmund
  5411 | D:6      | Reached XP level 9. HP: 54/54 MP: 9/12
  5644 | D:6      | Noticed Menkaure
  5650 | D:6      | Killed Menkaure
  5927 | D:7      | Found a shadowy altar of Dithmenos.
  6017 | D:7      | Reached skill level 8 in Transmutations
  6091 | D:7      | Reached skill level 1 in Invocations
  6207 | D:7      | Reached skill level 5 in Unarmed Combat
  7086 | D:7      | Identified the +1 leather armour "Waoqirr" {rCorr}
  7453 | D:8      | Found a transporter.
  7634 | D:8      | Found a transporter.
  7643 | D:8      | Noticed a two-headed ogre
  7673 | D:8      | Killed a two-headed ogre
  7674 | D:8      | Reached XP level 10. HP: 63/63 MP: 6/13
  7801 | D:8      | Reached skill level 5 in Earth Magic
  7931 | D:8      | Reached skill level 9 in Transmutations
  8745 | D:9      | HP: 1/78 [something/ball of steam (25)]
  8774 | D:9      | Reached skill level 1 in Evocations
  8864 | D:9      | Noticed a two-headed ogre
  8874 | D:9      | Killed a two-headed ogre
  8980 | D:9      | Found a flagged portal.
  8993 | Bailey   | Entered a bailey
  9064 | Bailey   | Reached XP level 11. HP: 43/70 MP: 11/14
  9098 | Bailey   | Reached * piety under the Shining One
  9205 | Bailey   | Learned a level 6 spell: Statue Form
  9255 | Bailey   | Found a large runed translucent door.
  9255 | Bailey   | Found a large runed translucent door.
  9256 | Bailey   | Noticed an orc knight
  9256 | Bailey   | Noticed a deep elf zephyrmancer
  9465 | Bailey   | Slain by an orc knight

Illustrated notes

Levels and vault maps discovered:
D:1:      dpeg_arrival_leaves_temple_mockup, layout_rooms,
          ebering_ecumenical_altar_abandoned
D:2:      kennysheep_big_flooded_room, layout_basic
D:3:      layout_loops_corners, nicolae_overflow_crystal_walls, serial_shops,
          shop, gup_sewer_entry_bubbles
D:4:      nicolae_BIG_FREAKIN_CUBE, layout_loops_cross, nicolae_elemental_shop,
          minmay_misc_feat_ornament
D:5:      layout_loops_corners, uniq_ijyb
D:6:      layout_loops_cross, minmay_temple_entry_waves, uniq_menkaure,
          uniq_edmund, uniq_sigmund
D:7:      layout_gridville, lemuel_tele_altar, supply_closet_lemuel,
          dk_noncrumbling_2
D:8:      gammafunk_cloud_chamber, layout_layer_cave
D:9:      layout_stronghold, erik_lair_dragon, enter_bailey_3
Temple:   nicolae_temple_bog_church
Bailey:   bailey_polearm_elven_captive_hellmonk, bailey

Skill      XL: |  1  2  3  4  5  6  7  8  9 10 11 |
---------------+----------------------------------+-----
Ice Magic      | 1 2 3 4 6 7 |  7.2
Transmutations | 3 4 5 6 7 8 9 |  9.0
Earth Magic    | 2 4 6 |  6.5
Fighting       | 2 3 4 |  4.7
Unarmed Combat | 4 6 7 |  7.4
Invocations    | 2 4 |  4.2
Dodging        | 3 |  3.9
Evocations     | 1 2 |  2.0
Spellcasting   | |  2.7

Action                   |  1- 3 |  4- 6 |  7- 9 | 10-12 || total
-------------------------+-------+-------+-------+-------++-------
Melee: Unarmed           |    71 |   160 |   315 |   139 ||   685
       Constrict         |    23 |    23 |     9 |       ||    55
       Tentacles         |    13 |    17 |    11 |       ||    41
       Punch             |     2 |     2 |     2 |       ||     6
       Kick              |     4 |    20 |       |       ||    24
 Cast: Beastly Appendage |     4 |     9 |     1 |       ||    14
       Wereblood         |       |     1 |     1 |     5 ||     7
       Ice Form          |       |     6 |    31 |    15 ||    52
Evoke: Wand              |       |       |     6 |    12 ||    18
  Use: Potion            |       |     2 |     3 |     1 ||     6
       Scroll            |       |     1 |    14 |       ||    15
 Stab: Sleeping          |     9 |     1 |     4 |       ||    14
Armor: Skin              |     4 |    47 |    69 |    21 ||   141
Dodge: Dodged            |    59 |   107 |   205 |   106 ||   477

Table legend: (Time is in decaauts)
 A = Elapsed time spent in this place.
 B = Non-inter-level travel time spent in this place.
 C = Inter-level travel time spent in this place.
 D = Time resting spent in this place.
 E = Time spent auto-exploring this place.
 F = Levels seen in this place.
 G = Mean time per level.
                   A        B        C        D        E       F      G
               +--------+--------+--------+--------+--------+-----+--------+
         Total |   9406 |   9072 |    334 |    178 |   6936 |  12 |  783.8 |
       Dungeon |   8391 |   8068 |    323 |    103 |   6700 |   9 |  932.3 |
        Temple |     57 |     46 |     11 |      0 |     29 |   1 |   57.0 |
         Sewer |    493 |    493 |      0 |     54 |    163 |   1 |  493.0 |
        Bailey |    464 |    464 |      0 |     21 |     44 |   1 |  464.0 |
               +--------+--------+--------+--------+--------+-----+--------+

Top non-repeatable levels by time:
     D:8: 1484 daAuts
     D:7: 1198 daAuts
     D:5: 1133 daAuts
     D:3: 1080 daAuts
     D:4: 1074 daAuts
     D:6: 1051 daAuts
     D:2: 570 daAuts
   Sewer: 493 daAuts
  Bailey: 464 daAuts
     D:1: 427 daAuts
     D:9: 371 daAuts
  Temple: 57 daAuts
